 Dungeon Crawl Stone Soup version 0.31-a0-355-g57cb03d3e8 (webtiles) character file.

Game seed: 15386008349625468899

142 randomguy2701 the Chopper (level 5, 0/47 HPs)
             Began as a Hill Orc Fighter on July 24, 2023.
             Slain by Grinder (2 damage)
             ... while paralysed by Grinder
             ... on level 3 of the Dungeon.
             The game lasted 00:01:56 (1791 turns).

randomguy2701 the Chopper (Hill Orc Fighter)        Turns: 1791, Time: 00:01:58

Health: 0/47       AC:  7    Str: 21    XL:     5   Next: 24%
Magic:  5/5        EV:  2    Int:  8    God:
Gold:   92         SH:  0    Dex: 10    Spells: 4/4 levels left

rFire   . . .        a - +0 war axe
rCold   . . .        c - +0 buckler
rNeg    . . .        b - +0 scale mail
rPois   .            (no helmet)
rElec   .            (no cloak)
rCorr   .            (no gloves)
SInv    .            (no boots)
Will    .....        (no amulet) Stlth
                     (no ring)
HPRegen 0.27/turn    (no ring)
MPRegen 0.09/turn

%: no passive effects
@: paralysed
A: no striking features
a: no special abilities


You were on level 3 of the Dungeon.
You visited 1 branch of the dungeon, and saw 3 of its levels.

You collected 92 gold pieces.

Inventory:

Hand Weapons
 a - a +0 war axe (weapon)
Armour
 b - a +0 scale mail (worn)
 c - a +0 buckler (worn)
Scrolls
 g - a scroll of noise {unknown}
 h - a scroll of teleportation {unknown}
 j - a scroll of identify {unknown}
Potions
 d - 3 potions of magic {unknown}
 e - 2 potions of curing {unknown}
 f - a potion of ambrosia {unknown}
 i - a potion of invisibility {unknown}
 k - a potion of cancellation {unknown}


   Skills:
 + Level 4.4 Fighting
 + Level 4.7 Axes
 + Level 4.1 Armour
 + Level 0.4 Dodging
 + Level 0.1 Stealth
 + Level 4.0 Shields


You had 4 spell levels left.
You didn't know any spells.
Your spell library contained the following spells:

 Spells                   Type           Power      Damage    Failure   Level
 Hailstorm                Conj/Ice       0%         3d3       99%         3
 Summon Ice Beast         Ice/Summ       0%         N/A       100%        4
 Simulacrum               Ice/Necr       0%         N/A       100%        6


Dungeon Overview and Level Annotations

Branches:
Dungeon (3/15)

Altars:
Hepliaklqana

Annotations:
D:3 Grinder


Message History

HP restored.
e - 2 brown potions (gained 1)
Things that are here:
a +0 giant spiked club; an ogre corpse
Found a stone staircase leading down.
d - 3 black potions Grinder comes into view.
Grinder shouts!
Grinder is nearby!
You hit Grinder but do no damage. You block Grinder's attack.
You barely miss Grinder. You block Grinder's attack.
You hit Grinder but do no damage. Grinder hits you!
You writhe in agony.
Grinder hits you.
You writhe in agony.
You barely miss Grinder. Grinder barely misses you.
You hit Grinder.
Grinder is lightly wounded.
Grinder blinks!
Grinder closely misses you.
You slash Grinder!
Grinder is moderately wounded.
Grinder hits you.
You slash Grinder!
Grinder is heavily wounded.
Grinder hits you. x2; You writhe in agony.
You hit Grinder.
Grinder is severely wounded.
Grinder hits you.
* * * LOW HITPOINT WARNING * * *
You writhe in agony.
* * * LOW HITPOINT WARNING * * *
You hit Grinder.
Grinder is severely wounded.
Grinder hits you but does no damage.
You barely miss Grinder.
Grinder is severely wounded.
Grinder gestures at you.
You suddenly lose the ability to move!
Grinder hits you!
* * * LOW HITPOINT WARNING * * *
You writhe in agony.
You die...

#############
#....@5......
##.##########
#.# #.# ##.
#.# #>. #.#
#.# #.#
#.#### #.#
#.#... #.#
#.#...


You could see Grinder.

Vanquished Creatures
  An ogre (D:3)
  Terence (D:2)
  A dart slug (D:1)
  5 ball pythons
  3 endoplasms
  2 giant cockroaches
  4 hobgoblins (D:1)
  4 jackals (D:3)
  A bat (D:2)
  4 frilled lizards (D:1)
  A kobold (D:1)
  3 rats
30 creatures vanquished.

Notes
Turn   | Place    | Note
-------+----------+-------------------------------------------
     0 | D:1      | randomguy2701 the Hill Orc Fighter began the quest for the
                  | Orb.
     0 | D:1      | Reached XP level 1. HP: 19/19 MP: 1/1
   174 | D:1      | Reached XP level 2. HP: 27/27 MP: 2/2
   979 | D:2      | Reached XP level 3. HP: 33/33 MP: 3/3
  1027 | D:2      | Noticed Terence
  1035 | D:2      | Killed Terence
  1277 | D:2      | Found a hazy altar of Hepliaklqana.
  1597 | D:3      | Noticed an ogre
  1605 | D:3      | Killed an ogre
  1606 | D:3      | Reached XP level 4. HP: 14/41 MP: 4/4
  1606 | D:3      | Reached XP level 5. HP: 16/47 MP: 5/5
  1778 | D:3      | Noticed Grinder
  1791 | D:3      | Paralysed by Grinder for 5 turns
  1791 | D:3      | HP: 2/47 [Grinder (9)]
  1791 | D:3      | Slain by Grinder

Illustrated notes

Levels and vault maps discovered:
D:1:      psy_arrival_conway, layout_loops_ring
D:2:      layout_loops_ring, basic_altar, grunt_decor_fettered, uniq_terence
D:3:      layout_basic, uniq_grinder

Skill      XL: |  1  2  3 |
---------------+----------+-----
Axes           | 3 4 |  4.7
Fighting       | 4 |  4.4
Armour         | 4 |  4.1
Shields        | 4 |  4.0
Dodging        | |  0.4
Stealth        | |  0.1

Action                     |  1- 3 |  4- 6 || total
---------------------------+-------+-------++-------
  Melee: War axe           |    71 |    11 ||    82
    Use: Potion            |     1 |       ||     1
 Armour: Scale mail        |    33 |     1 ||    34
  Dodge: Dodged            |    27 |     2 ||    29
  Block: Buckler           |    13 |     2 ||    15

Table legend: (Time is in decaauts)
 A = Elapsed time spent in this place.
 B = Non-inter-level travel time spent in this place.
 C = Inter-level travel time spent in this place.
 D = Time resting spent in this place.
 E = Time spent auto-exploring this place.
 F = Levels seen in this place.
 G = Mean time per level.
                   A        B        C        D        E       F      G
               +--------+--------+--------+--------+--------+-----+--------+
         Total |   1823 |   1763 |     60 |      0 |   1557 |   3 |  607.7 |
       Dungeon |   1823 |   1763 |     60 |      0 |   1557 |   3 |  607.7 |
               +--------+--------+--------+--------+--------+-----+--------+

Top non-repeatable levels by time:
     D:2: 835 daAuts
     D:1: 791 daAuts
     D:3: 197 daAuts
